 Dungeon Crawl Stone Soup version 0.29-a0-111-gbaf749a769 (webtiles) character file.

Game seed: 4435198963755476541

10250 siradein the Fighter (level 11, -12/92 HPs)
             Began as a Palentonga Fighter on Feb 18, 2022.
             Was an Initiate of Gozag.
             Shot with an arrow by a centaur warrior (17 damage)
             ... on level 10 of the Dungeon.
             The game lasted 00:39:44 (13040 turns).

siradein the Fighter (Palentonga Fighter)          Turns: 13040, Time: 00:39:46

Health: -12/92     AC: 21    Str: 21    XL:     11   Next: 33%
Magic:  11/11      EV: 12    Int:  8    God:    Gozag
Gold:   767        SH:  6    Dex: 19    Spells: 10/10 levels left

rFire   . . .      SeeInvis +   W - +4 scimitar (flame)
rCold   + . .      Faith    .   c - +0 buckler
rNeg    . . .      Spirit   .   b - +0 ring mail {rF+}
rPois   .          Reflect  .   q - +2 helmet
rElec   +          Harm     .   L - +2 cloak {Stlth+}
rCorr   .          Rampage  .   o - +0 pair of gloves
Will    .....                   (no barding)
Stlth   +++.......              (no amulet)
HPRegen 0.25/turn               O - ring "Syschovi" {Slay+3 SInv Stlth+}
MPRegen 0.12/turn               I - ring of Satisfaction {rElec rF- rC+ Dex+6}

@: gold aura, curled up
A: large, rugged brown scales 3, see invisible, deformed body, roll 1, armoured
tail, reflexive curl
a: Rolling Charge, Renounce Religion, Potion Petition, Call Merchant, Bribe
Branch


You were on level 10 of the Dungeon.
You worshipped Gozag.
Gozag was pleased with you.
You visited 2 branches of the dungeon, and saw 11 of its levels.
You also visited: Sewer and Ossuary.

You collected 1978 gold pieces.
You spent 1115 gold pieces at shops.
You paid 96 gold pieces to Gozag.

Inventory:

Hand Weapons
 F - the +9 rapier "Eca Ump" {spect, rC+}
   (You took it off a wight on level 4 of the Dungeon)

   When its wielder attacks, the weapon's spirit leaps out and strikes again.
   The spirit shares a part of any damage it takes with its wielder.
   rC:        It protects you from cold.
 P - a +2 hunting sling of flaming
 W - a +4 scimitar of flaming (weapon)
Missiles
 p - 5 poisoned darts (quivered)
 B - a curare-tipped dart
 Q - 39 sling bullets
 R - 443 stones
 S - 2 throwing nets
Armour
 b - a +0 ring mail of fire resistance (worn)
 c - a +0 buckler (worn)
 o - a +0 pair of gloves (worn)
 q - a +2 helmet (worn)
 L - a +2 cloak of stealth (worn)
Jewellery
 g - a +4 ring of evasion
 k - a ring of flight
 I - the ring of Satisfaction (right hand) {rElec rF- rC+ Dex+6}
   (You found it on level 4 of the Dungeon)

   [ring of dexterity]

   Dex:       It affects your dexterity (+6).
   rF:        It makes you vulnerable to fire.
   rC:        It protects you from cold.
   rElec:     It insulates you from electricity.
 J - a ring of poison resistance
 O - the ring "Syschovi" (left hand) {Slay+3 SInv Stlth+}
   (You bought it in a shop on level 3 of the Dungeon)

   [ring of see invisible]

   Slay:      It affects your accuracy & damage with ranged weapons and melee
   (+3).
   SInv:      It lets you see invisible.
   Stlth:     It makes you more stealthy.
Wands
 e - a wand of acid (4)
 w - a wand of paralysis (7)
 z - a wand of mindburst (10)
 G - a wand of digging (2)
 H - a wand of iceblast (18)
 U - a wand of flame (8)
Scrolls
 h - 6 scrolls of magic mapping
 j - 3 scrolls of fear
 l - 4 scrolls of noise {unknown}
 m - a scroll of holy word {unknown}
 x - 2 scrolls of blinking {unknown}
 y - 4 scrolls of teleportation {unknown}
 A - 2 scrolls of fog
 K - a scroll of summoning
 M - 2 scrolls of immolation
 V - 2 scrolls of enchant weapon
Potions
 d - 3 potions of might
 f - a potion of lignification
 i - a potion of attraction
 n - 5 potions of heal wounds
 r - 3 potions of ambrosia
 s - a potion of brilliance
 t - 6 potions of curing
 u - 4 potions of haste
 v - a potion of resistance
 C - 4 potions of flight
 D - 2 potions of berserk rage
 E - a potion of degeneration {unknown}
 N - a potion of mutation {unknown}
Miscellaneous
 T - a tin of tremorstones (2/2)


   Skills:
 + Level 8.1 Fighting
 + Level 7.9 Long Blades
 + Level 4.1 Throwing
 + Level 6.9 Armour
 + Level 6.1 Dodging
 + Level 6.8 Shields
 + Level 1.7 Evocations


You had 10 spell levels left.
You didn't know any spells.
Your spell library contained the following spells:

 Spells                   Type           Power      Damage    Failure   Level
 Magic Dart               Conj           0%         1d3       63%         1
 Searing Ray              Conj           0%         2d4       77%         2
 Gell's Gravitas          Tloc           0%         N/A       94%         3
 Lesser Beckoning         Tloc           0%         N/A       94%         3
 Teleport Other           Tloc           0%         N/A       94%         3
 Fulminant Prism          Conj/Hex       0%         3d6       100%        4


Dungeon Overview and Level Annotations

Branches:
Dungeon (10/15)            Temple (1/1) D:4             Orc (0/2) D:10
  Sewer (visited)         Ossuary (visited)
   Lair: D:8-11

Altars:
Ashenzari
Cheibriados
Dithmenos
Elyvilon
Fedhas
Gozag
Hepliaklqana
Kikubaaqudgha
Makhleb
Nemelex Xobeh
Okawaru
Qazlal
Ru
Sif Muna
Trog
Uskayaw
Vehumet
Wu Jian
Xom
Yredelemnul
Zin
The Shining One

Shops:
D:3 =(!   D:5 (   D:9 :

Annotations:
D:5 2 transporters, SirDiesAlot's ghost, novice DEVM


Innate Abilities, Weirdness & Mutations

You are completely covered in rugged brown scales. (AC +3, +7% HP)
You have supernaturally acute eyesight. (SInv)
Armour fits poorly on your strangely shaped body.
You can roll at nearby foes to attack.
You have a long armoured tail.
You curl defensively after being hit. (AC +7*)


Message History

The killer bee is lightly wounded.
The killer bee closely misses you. x2
You hit the killer bee. You burn the killer bee.
The killer bee is heavily wounded.
The killer bee stings you.
* * * LOW HITPOINT WARNING * * *
The killer bee stings you but does no damage.
You slice the killer bee!! You burn the killer bee.
You kill the killer bee!
You now have 767 gold pieces (gained 29).
n - 5 potions of heal wounds (gained 1)
There is an open door here.
You see here a +0 long sword.
Things that are here:
a +0 giant club; a +0 giant club
Things that are here:
a +0 war axe; 2 boomerangs; a +0 chain mail You start resting.
A centaur warrior comes into view. It is wielding a +0 dagger.
Press: ? - help, v - describe, . - travel, g - get item
Here: a centaur warrior, wielding a +0 dagger and quivering arrows (wandering, hasn't noticed you)
Items here: a +0 war axe; 2 boomerangs; a +0 chain mail.
The floor.
Unknown command.
Aiming: Paralyse
Press: ? - help, Shift-Dir - straight line, f - centaur warrior
Aim: a centaur warrior, wielding a +0 dagger and quivering arrows (wandering, hasn't noticed you, chance to affect: 36%)
The centaur warrior shouts!
The centaur warrior easily resists.
The centaur warrior unwields a +0 dagger.
The centaur warrior wields a +0 shortbow.
The centaur warrior shoots an arrow.
The arrow hits you!!
* * * LOW HITPOINT WARNING * * *
Aiming: Paralyse
Press: ? - help, Shift-Dir - straight line, f/p - centaur warrior
Aim: a centaur warrior, wielding a +0 shortbow and quivering arrows (chance to affect: 36%)
The centaur warrior easily resists.
The centaur warrior shoots an arrow.
The arrow hits you!
You die...
Your body crumbles into a pile of gold.

#.......### ###.≈#..#.
#######.######################
#.......#...........#########.
#.#####.#........l..[.........
#......<#.#########.##......#.
#######.#.######............#.
#.....#.#....#.............#
#.#####>.....'......#.......
#..........@.#....)###....#.
######.......#....##$##....#
#.......[.....# #..@..#
#..........#.## ##.#..#
####.....)#### ####.. #.)...##
$##. ###.)### ## ###c##?# #
##..).#.# #


You could see a centaur warrior.

Vanquished Creatures
  2 two-headed ogres
  A tengu warrior (D:10)
  Urug (D:10)
  Sonja (D:10)
  A wizard (D:10)
  Maurice (D:10)
  A komodo dragon (D:10)
  An efreet (D:10)
  A troll (D:9)
  A hornet (D:9)
  Sigmund (D:3)
  A shadow (D:10)
  4 yaks (D:8)
  A steam dragon (D:7)
  3 water moccasins
  2 sky beasts
  A necrophage (D:4)
  6 orc warriors
  2 ogres (D:5)
  5 centaurs
  Blork the orc (D:5)
  An elf zombie (Ossuary)
  2 kobold brigands
  2 bullfrogs
  6 scorpions
  3 gnoll sergeants
  A water moccasin zombie (D:5)
  A wyvern zombie (D:6)
  11 killer bees
  9 wights
  4 howler monkeys
  A centaur zombie (D:5)
  2 hounds (D:5)
  2 bullfrog skeletons
  A jelly (D:5)
  4 orc priests
  A gnoll shaman (D:5)
  A centaur skeleton (D:6)
  Jessica (D:2)
  Ijyb (D:3)
  Natasha (thrice) (D:3)
  2 iguanas
  An orc wizard (D:8)
  2 killer bee zombies
  A hound skeleton (D:5)
  Robin (D:3)
  A howler monkey zombie (D:7)
  2 mummies (Ossuary)
  A howler monkey skeleton (D:7)
  15 adders
  15 gnolls
  3 river rats (Sewer)
  A white imp (D:5)
  A worm (D:3)
  2 dart slugs
  29 orcs
  9 endoplasms
  7 giant cockroaches
  5 gnoll zombies (Ossuary)
  12 goblins
  10 hobgoblins
  4 jackals
  2 quokkas
  10 ball pythons
  5 bats
  2 frilled lizards
  2 goblin zombies (Ossuary)
  3 hobgoblin zombies (Ossuary)
  15 kobolds
  3 orc zombies (Ossuary)
  9 rats
270 creatures vanquished.

Vanquished Creatures (others)
  3 plants (D:4)
3 creatures vanquished.

Grand Total: 273 creatures vanquished

Notes
Turn   | Place    | Note
-------+----------+-------------------------------------------
     0 | D:1      | siradein the Palentonga Fighter began the quest for the
                  | Orb.
     0 | D:1      | Reached XP level 1. HP: 19/19 MP: 1/1
   185 | D:1      | Reached XP level 2. HP: 25/25 MP: 2/2
   567 | D:1      | Reached XP level 3. HP: 27/31 MP: 3/3
  1139 | D:2      | Noticed Jessica
  1143 | D:2      | Killed Jessica
  1144 | D:2      | Reached XP level 4. HP: 31/37 MP: 4/4
  1150 | D:2      | Reached skill level 1 in Dodging
  1286 | D:2      | Identified the +5 spear of Lokkilej {pain, rF+}
  1409 | D:2      | Found a faded altar of an unknown god.
  1616 | D:3      | Noticed Sigmund
  1633 | D:3      | Killed Sigmund
  1634 | D:3      | Reached skill level 4 in Fighting
  1634 | D:3      | Reached XP level 5. HP: 37/44 MP: 5/5
  1736 | D:3      | Reached XP level 6. HP: 33/51 MP: 6/6
  1848 | D:3      | Found Gohan's Distillery.
  1910 | D:3      | Bought a potion of curing for 42 gold pieces
  2093 | D:3      | Noticed Robin
  2127 | D:3      | Killed Robin
  2221 | D:3      | Found Vabilapp's Weapon Shop.
  2234 | D:3      | Noticed Ijyb
  2247 | D:3      | Paralysed by Ijyb for 2 turns
  2250 | D:3      | Killed Ijyb
  2430 | D:3      | Found Rompetay's Jewellery Boutique.
  2569 | D:3      | Noticed Natasha
  2583 | D:3      | Killed Natasha
  2637 | D:3      | Found an opulent altar of Gozag.
  2833 | D:3      | Noticed Natasha
  2844 | D:3      | Killed Natasha
  2915 | D:3      | Noticed Natasha
  2923 | D:3      | Killed Natasha
  3157 | D:3      | Gained mutation: You curl defensively after being hit. (AC
                  | +7*) [Palentonga growth]
  3157 | D:3      | Reached XP level 7. HP: 58/58 MP: 7/7
  3277 | D:4      | You fall into a shaft and drop 2 floors!
  3461 | D:6      | Found a glowing drain.
  3529 | Sewer    | Entered a sewer
  3641 | Sewer    | Found a white marble altar of Elyvilon.
  3734 | D:5      | Entered Level 5 of the Dungeon
  3984 | D:5      | Reached skill level 5 in Fighting
  4096 | D:4      | Reached XP level 8. HP: 60/66 MP: 8/8
  4161 | D:4      | Found a staircase to the Ecumenical Temple.
  4175 | Temple   | Entered the Ecumenical Temple
  4445 | D:4      | Identified the +9 rapier "Eca Ump" {spect, rC+}
  4828 | D:4      | Identified the ring of Satisfaction {rElec rF- rC+ Dex+6}
  4922 | D:4      | Found a glowing golden altar of the Shining One.
  5218 | D:3      | Became a worshipper of Gozag Ym Sagoz the Greedy
  5292 | D:5      | Reached skill level 5 in Long Blades
  5327 | D:5      | Found a transporter.
  5330 | D:5      | Noticed a hornet
  5332 | D:5      | Noticed SirDiesAlot's ghost (novice DEVM)
  5523 | D:5      | Found Ymehef's Weapon Boutique.
  5547 | D:5      | Noticed Blork the orc
  5556 | D:5      | Killed Blork the orc
  5704 | D:5      | Found a transporter.
  6173 | D:5      | Found a burning altar of Makhleb.
  6988 | D:6      | Reached skill level 1 in Throwing
  6988 | D:6      | Reached skill level 5 in Armour
  6988 | D:6      | Reached XP level 9. HP: 73/73 MP: 9/9
  7116 | D:6      | Reached skill level 6 in Fighting
  7116 | D:6      | Reached skill level 5 in Shields
  7414 | D:7      | Found a sand-covered staircase.
  7470 | Ossuary  | Entered an ossuary
  7747 | D:7      | Found an iron altar of Okawaru.
  8366 | D:8      | Reached skill level 5 in Dodging
  8366 | D:8      | Reached XP level 10. HP: 72/82 MP: 10/10
  8751 | D:3      | Bought a potion of lignification for 42 gold pieces
  8751 | D:3      | Bought a potion of attraction for 42 gold pieces
  8751 | D:3      | Bought a potion of curing for 42 gold pieces
  8751 | D:3      | Bought a potion of ambrosia for 112 gold pieces
  8751 | D:3      | Bought a potion of might for 56 gold pieces
  8751 | D:3      | Bought a potion of berserk rage for 70 gold pieces
  8751 | D:3      | Bought a potion of heal wounds for 70 gold pieces
  8824 | D:3      | Bought the ring "Syschovi" {Slay+3 SInv Stlth+} for 448
                  | gold pieces
  8881 | D:3      | Bought a +2 hunting sling of flaming for 191 gold pieces
  9718 | D:8      | Identified the +1 leather armour "Unidd" {Will+ Int+3 SInv}
  9889 | D:8      | Found an ornate altar of the Wu Jian Council.
 10061 | D:8      | Found a blossoming altar of Fedhas.
 10202 | D:9      | Found a shadowy altar of Dithmenos.
 10204 | D:9      | Found a stormy altar of Qazlal.
 10213 | D:9      | Reached skill level 7 in Fighting
 10461 | D:9      | Paralysed by a hornet for 3 turns
 11110 | D:9      | Noticed a +0 dagger
 11110 | D:9      | Noticed a +0 dagger
 11111 | D:9      | Found a hide-covered altar of Uskayaw.
 11429 | D:9      | Noticed a two-headed ogre
 11454 | D:9      | Killed a two-headed ogre
 11653 | D:9      | Found Miad Ifu's Book Shop.
 11821 | D:10     | Entered Level 10 of the Dungeon
 11821 | D:10     | Found a staircase to the Orcish Mines.
 12196 | D:10     | Noticed Urug
 12204 | D:10     | Killed Urug
 12248 | D:10     | Noticed Maurice
 12267 | D:10     | Killed Maurice
 12571 | D:10     | Reached XP level 11. HP: 72/92 MP: 11/11
 12581 | D:10     | Found a shimmering altar of Xom.
 12773 | D:10     | Noticed a two-headed ogre
 12775 | D:10     | Noticed a tengu warrior
 12787 | D:10     | Killed a two-headed ogre
 12796 | D:10     | Killed a tengu warrior
 12797 | D:10     | Reached skill level 8 in Fighting
 12797 | D:10     | Reached skill level 1 in Evocations
 12798 | D:10     | Noticed a wizard
 12806 | D:10     | Killed a wizard
 12811 | D:10     | Noticed Sonja
 12960 | D:10     | Killed Sonja
 13038 | D:10     | Noticed a centaur warrior
 13040 | D:10     | Shot with an arrow by a centaur warrior

Illustrated notes

Levels and vault maps discovered:
D:1:      dpeg_arrival_brainrot, layout_rooms
D:2:      layout_rooms, shapermc_ecumenical_altar_mp_urbaneastern,
          lemuel_another_geyser, uniq_jessica
D:3:      layout_basic, grunt_gozag_statues, serial_shops, nicolae_shop_crystal,
          shop, shop_statue, minmay_misc_feat_rows, uniq_natasha, uniq_sigmund,
          uniq_robin, uniq_ijyb
D:4:      layout_basic, mainiacjoe_overflow_surrounded_room,
          minmay_temple_entry_drinking_statues, serial_bayou_pond_a
D:5:      layout_layer_cave, lemuel_crystal_altar, gammafunk_ghost_arena,
          corexii_leaking_fountain, nicolae_inconvenience_store,
          kennysheep_decorative_pillar, serial_park_tiny_1, uniq_blork_the_orc
D:6:      layout_loops_corners, gup_sewer_entry_glass
D:7:      layout_rooms, okawaru_gym_becter, nicolae_ossuary_entry_ruins,
          nicolae_figureground_sparkle
D:8:      layout_basic, nzn_wu_jian_contemplation, fedhas_altar_4
D:9:      layout_basic, dancing_weapons_uskayaw,
          chequers_temple_overflow_statue_of_worship, serial_shops, shop_coins
D:10:     layout_basic, tgw_xom, minmay_orc_entry_temple_small,
          minmay_fractal_squares_gapless_7, uniq_urug, uniq_sonja, uniq_maurice
Temple:   minmay_temple_bridge_abc

Skill      XL: |  1  2  3  4  5  6  7  8  9 10 11 |
---------------+----------------------------------+-----
Dodging        | 1 2 3 4 5 6 |  6.1
Fighting       | 4 5 6 7 8 |  8.1
Long Blades    | 3 4 5 6 7 |  7.9
Armour         | 3 4 5 6 |  6.9
Shields        | 3 4 5 6 |  6.8
Throwing       | 1 2 3 4 |  4.1
Evocations     | 1 |  1.7

Action                   |  1- 3 |  4- 6 |  7- 9 | 10-12 || total
-------------------------+-------+-------+-------+-------++-------
Melee: Long sword        |    92 |    21 |       |       ||   113
       Tailslap          |     9 |    11 |    38 |    30 ||    88
       Spear             |       |   170 |   153 |       ||   323
       Rapier            |       |       |   149 |   162 ||   311
       Scimitar          |       |       |       |     5 ||     5
 Fire: Hunting sling     |       |       |       |    25 ||    25
Throw: Dart              |       |     4 |       |     8 ||    12
       Throwing net      |       |       |       |     1 ||     1
 Abil: Rolling Charge    |       |     1 |       |       ||     1
Evoke: Wand              |       |       |       |     7 ||     7
  Use: Scroll            |       |       |     6 |     6 ||    12
       Potion            |       |       |       |     1 ||     1
 Stab: Paralysed         |       |       |       |     6 ||     6
       Sleeping          |       |       |       |     2 ||     2
       Distracted        |       |       |       |     1 ||     1
Armor: Chain mail        |    37 |    59 |    57 |       ||   153
       Scale mail        |     2 |       |       |       ||     2
       Ring mail         |       |       |    22 |    57 ||    79
Dodge: Dodged            |    75 |    80 |   154 |    67 ||   376
Block: Buckler           |    11 |    16 |    56 |    44 ||   127

Table legend: (Time is in decaauts)
 A = Elapsed time spent in this place.
 B = Non-inter-level travel time spent in this place.
 C = Inter-level travel time spent in this place.
 D = Time resting spent in this place.
 E = Time spent auto-exploring this place.
 F = Levels seen in this place.
 G = Mean time per level.
                   A        B        C        D        E       F      G
               +--------+--------+--------+--------+--------+-----+--------+
         Total |  13192 |  12139 |   1053 |    583 |   9263 |  13 | 1014.8 |
       Dungeon |  12663 |  11610 |   1053 |    583 |   8867 |  10 | 1266.3 |
        Temple |    202 |    202 |      0 |      0 |    174 |   1 |  202.0 |
         Sewer |    179 |    179 |      0 |      0 |    123 |   1 |  179.0 |
       Ossuary |    147 |    147 |      0 |      0 |     98 |   1 |  147.0 |
               +--------+--------+--------+--------+--------+-----+--------+

Top non-repeatable levels by time:
     D:3: 2215 daAuts
     D:5: 1837 daAuts
     D:9: 1387 daAuts
     D:8: 1343 daAuts
     D:6: 1319 daAuts
    D:10: 1219 daAuts
     D:2: 1015 daAuts
     D:4: 973 daAuts
     D:1: 732 daAuts
     D:7: 619 daAuts
  Temple: 202 daAuts
   Sewer: 179 daAuts
 Ossuary: 147 daAuts
